 Dungeon Crawl Stone Soup version 0.19.3-4-gbf9329e (webtiles) character file.

149 muxecoid the Covered (level 5, 0/38 HPs)
             Began as a Formicid Wanderer on Jan 27, 2017.
             Slain by an ogre
             ... wielding a +0 giant club
              (14 damage)
             ... on level 4 of the Dungeon.
             The game lasted 00:07:19 (2656 turns).

muxecoid the Covered (Formicid Wanderer)            Turns: 2656, Time: 00:07:20

Health: 0/38       AC: 11    Str: 17    XL:     5   Next: 57%
Magic:  10/10      EV:  9    Int: 11    God:
Gold:   140        SH:  0    Dex: 11    Spells: 0 memorised, 10 levels left

rFire  . . .     SeeInvis +     r - +3 hand axe (flame)
rCold  . . .     Gourm    .     a - +2 scale mail
rNeg   . . .     Faith    .     (no shield)
rPois  .         Spirit   .     (helmet unavailable)
rElec  .         Reflect  .     (no cloak)
rCorr  .         Harm     .     k - +0 pair of gloves
MR     .....                    h - +0 pair of boots
Stlth  ..........               (no amulet)
                                (no ring)
                                (no ring)

@: no status effects
A: permanent stasis, dig shafts and tunnels, four strong arms, antennae 3
a: Dig, Shaft Self


You were on level 4 of the Dungeon.
You were not hungry.

You visited 1 branch of the dungeon, and saw 4 of its levels.

You collected 140 gold pieces.

Inventory:

Hand Weapons
 r - a +3 hand axe of flaming (weapon)
Missiles
 i - 4 tomahawks (quivered)
 o - 8 javelins
Armour
 a - a +2 scale mail (worn)
 h - a +0 pair of boots (worn)
 k - a +0 pair of gloves (worn)
 s - a +2 pair of gloves
Jewellery
 n - an uncursed amulet of harm {unknown}
Scrolls
 p - 2 scrolls of identify
Potions
 b - a potion of lignification
 d - 2 potions of heal wounds {unknown}
 e - 2 potions of cure mutation
 j - a potion of ambrosia {unknown}
 t - a potion of degeneration {unknown}
Books
 c - the Volume of Talismans

   Spells                             Type                      Level
   a - Swiftness                      Charms/Air                   2
   b - Shroud of Golubria             Charms/Translocation         2
Comestibles
 f - 5 bread rations
 g - a beef jerky
 l - a fruit
 m - a meat ration
 q - a chunk of flesh


   Skills:
 * Level 2.1 Fighting
 + Level 0.8(1.5) Axes
   Level 2.0(2.1) Maces & Flails
 + Level 1.5 Throwing
 + Level 4.4 Armour
 + Level 0.8 Dodging
 + Level 1.5 Stealth
 + Level 3.4 Spellcasting
   Level 1.0 Conjurations
   Level 1.3 Poison Magic


You had 10 spell levels left.
You didn't know any spells.

Dungeon Overview and Level Annotations

Branches:
Dungeon (4/15)
 Temple: D:4-7

Altars:
Dithmenos
Gozag
The Shining One


Innate Abilities, Weirdness & Mutations

You are under a permanent stasis effect.
You can dig through walls and to a lower floor.
Your four strong arms can wield two-handed weapons with a shield.
You have a pair of large antennae on your head. (SInv)


Message History

(D) Dungeon
Where to? (Enter - D:1 @ (x,y), ? - help)
There is a stone staircase leading down here.
You climb downwards.
An ogre comes into view. It is wielding a giant club.
Found a pair of glowing gloves.
There is a stone staircase leading up here.
You see here a pair of glowing gloves.
s - a pair of glowing gloves You slash the ogre!
You burn the ogre.
The ogre is heavily wounded.
The ogre closely misses you.
You hit the ogre. You burn the ogre.
The ogre is severely wounded.
The ogre hits you with a giant club!!
Ouch! That really hurt!
You hit the ogre. You burn the ogre.
The ogre is severely wounded.
The ogre hits you with a giant club!
You die... ## .# .# #. #.############# #.@O...<....... ###############

You could see an ogre.

Vanquished Creatures
  An orc wizard (D:3)
  5 adders
  An ooze (D:2)
  2 worms
  A dart slug (D:2)
  A leopard gecko (D:2)
  9 orcs
  4 giant cockroaches
  6 goblins
  7 hobgoblins
  A quokka (D:2)
  A ball python (D:2)
  6 bats
  7 frilled lizards
  4 kobolds
  4 rats
60 creatures vanquished.

Notes
Turn   | Place    | Note
-------+----------+-------------------------------------------
     0 | D:1      | muxecoid the Formicid Wanderer began the quest for the Orb.
     0 | D:1      | muxecoid set off with: a +2 scale mail, a potion of lignification, the Volume of Talismans, a +0 club, a bread ration
     0 | D:1      | Reached XP level 1. HP: 13/13 MP: 4/4
     0 | D:1      | Identified the Volume of Talismans
   209 | D:1      | Reached XP level 2. HP: 20/20 MP: 6/6
   690 | D:2      | Reached XP level 3. HP: 25/25 MP: 7/7
   699 | D:2      | Reached skill level 1 in Fighting
   706 | D:2      | Reached skill level 4 in Armour
   736 | D:2      | Reached skill level 1 in Maces & Flails
   743 | D:2      | Found an opulent altar of Gozag.
   891 | D:2      | Reached XP level 4. HP: 13/32 MP: 9/9
  1590 | D:3      | Found a glowing golden altar of the Shining One.
  1590 | D:3      | Found a shadowy altar of Dithmenos.
  2115 | D:3      | Reached XP level 5. HP: 38/38 MP: 10/10
  2647 | D:4      | Noticed an ogre
  2656 | D:4      | Slain by an ogre

Skill      XL: |  1  2  3  4 |
---------------+-------------+-----
Fighting       | 1 2 |  2.1
Armour         | 4 |  4.4
Maces & Flails | 1 2 |  2.0
Axes           | |  0.8
Throwing       | |  1.5
Dodging        | |  0.8
Stealth        | |  1.5
Spellcasting   | |  3.4
Conjurations   | |  1.0
Poison Magic   | |  1.3

Action                   |  1- 3 |  4- 6 || total
-------------------------+-------+-------++-------
Melee: Mace              |   127 |    71 ||   198
       Hand axe          |       |    53 ||    53
Throw: Tomahawk          |     5 |    11 ||    16
       Javelin           |     2 |     7 ||     9
  Use: Scroll            |     4 |     5 ||     9
  Eat: Chunk             |       |     6 ||     6
Armor: Scale mail        |    81 |    60 ||   141
Dodge: Dodged            |    80 |    54 ||   134
